[Event "Team 45 45 League T83"]
[Site "Internet Chess Club"]
[Date "2020.02.08"]
[Round "6"]
[White "CPTsopiens"]
[Black "Ajolote"]
[Result "0-1"]
[WhiteElo "1755"]
[BlackElo "1991"]
[Opening "Sicilian: Nimzovich-Rossolimo attack (with ...g6, without ...d6)"]
[ECO "B31"]
[Time "13:01:06"]
[TimeControl "2700+45"]

1. e4 c5 2. Nf3 Nc6 3. Bb5 g6 4. Bxc6 dxc6 5. d3 Bg7 6. h3 Qc7 7. c3 Nf6 8. Be3
b6 9. O-O Ba6 10. Qc2 e5 11. Nbd2 O-O-O 12. Nc4 Nxe4 13. dxe4 Bxc4 14. Rfd1
Rxd1+ 15. Rxd1 Rd8 16. Rxd8+ Kxd8 17. Qd1+ Qd7 18. Qxd7+ Kxd7 19. b3 Bd3 20. Nd2
f5 21. exf5 gxf5 22. f3 e4 23. c4 Ke6 24. Kf2 Bd4 25. g3 Ke5 26. f4+ Ke6 27. g4
a5 28. g5 b5 29. h4 b4 30. h5 Bc3 31. Ke1 Bb1 32. Bxc5 Bxa2 33. Ke2 a4 34. bxa4
b3 35. Nxb3 Bxb3 36. h6 Bxc4+ 37. Ke3 Kf7 38. Bd4 Ba5 39. Bc5 Bb3 40. Kd4 Bxa4
41. Ke5 Kg6 42. Be3 Bc7+ 43. Ke6 c5 44. Kd5 Bb6 45. Kc4 Be8 46. Kc3 Kh5 47. Kc4
Kg4 {White resigns} 0-1

[Event "Team 45 45 League T83"]
[Site "Internet Chess Club"]
[Date "2020.02.09"]
[Round "6"]
[White "hipopotamos"]
[Black "BrianWood"]
[Result "1-0"]
[WhiteElo "1674"]
[BlackElo "1606"]
[Opening "Sicilian: Labourdonnais-Löwenthal variation"]
[ECO "B32"]
[Time "20:20:36"]
[TimeControl "2700+45"]

1. e4 c5 2. Nf3 Nc6 3. d4 cxd4 4. Nxd4 e5 5. Nf3 Nf6 6. Nc3 Bb4 7. Bd2 O-O 8.
Bd3 d5 9. exd5 Bxc3 10. Bxc3 Qxd5 11. Be2 Qc5 12. O-O Bf5 13. Rc1 Ne4 14. Bd2
Rfd8 15. Qe1 Nxd2 16. Nxd2 Nb4 17. Nb3 Qc7 18. Qxb4 {Black resigns} 1-0

[Event "Team 45 45 League T83"]
[Site "Internet Chess Club"]
[Date "2020.02.09"]
[Round "6"]
[White "Beetlejuice"]
[Black "JPSVI"]
[Result "1-0"]
[WhiteElo "1719"]
[BlackElo "1697"]
[Opening "Dutch defense, Rubinstein variation"]
[ECO "A40"]
[Time "14:03:57"]
[TimeControl "2700+45"]

1. d4 e6 2. c4 f5 3. Nc3 Nf6 4. Nf3 d6 5. g3 g6 6. Bg2 Bg7 7. O-O O-O 8. Qc2 Nc6
9. Re1 e5 10. dxe5 dxe5 11. e4 Nxe4 12. Nxe4 fxe4 13. Bg5 Qd3 14. Qxd3 exd3 15.
Rad1 h6 16. Bc1 Bg4 17. Rxd3 e4 18. Rxe4 Bf5 19. Nh4 Bxe4 20. Bxe4 Ne5 21. Rb3
g5 22. Nf5 Rae8 23. Nxg7 Kxg7 24. Rxb7 Nf3+ 25. Bxf3 Re1+ 26. Kg2 Rxc1 27. Rxc7+
Rf7 28. Rxf7+ Kxf7 29. Bd5+ Ke7 30. b4 Kd6 31. a4 Rb1 32. b5 Ra1 33. Kf3 Rxa4
34. h4 Ra3+ 35. Kg4 Ra2 36. hxg5 hxg5 37. f3 Re2 38. Kxg5 Kc5 39. g4 {Black
resigns} 1-0

[Event "Team 45 45 League T83"]
[Site "Internet Chess Club"]
[Date "2020.02.09"]
[Round "6"]
[White "vollmerj"]
[Black "ghostfire"]
[Result "0-1"]
[WhiteElo "1659"]
[BlackElo "1671"]
[Opening "Réti opening"]
[ECO "A05"]
[Time "20:16:17"]
[TimeControl "2700+45"]

1. Nf3 Nf6 2. g3 d5 3. Bg2 Nc6 4. O-O e5 5. d3 Bg4 6. Nc3 Qd7 7. e4 d4 8. Ne2
Bh3 9. Ne1 Bxg2 10. Kxg2 h5 11. h4 Be7 12. f4 exf4 13. Bxf4 Ng4 14. Qd2 O-O-O
15. Nf3 Bd6 16. Rfc1 Bxf4 17. Qxf4 f6 18. a4 g5 19. hxg5 fxg5 20. Nxg5 Rdf8 21.
Qd2 h4 22. Nf4 hxg3 23. Kxg3 Ne3 24. Qe2 Qg7 25. Nh3 Qe5+ 26. Nf4 Qxg5+ 27. Kf2
Rh2+ 28. Ke1 Rxe2+ 29. Nxe2 Ng2+ 30. Kd1 Rf1# {White checkmated} 0-1

[Event "Team 45 45 League T83"]
[Site "Internet Chess Club"]
[Date "2020.02.06"]
[Round "6"]
[White "primerpaso"]
[Black "fledermaus"]
[Result "0-1"]
[WhiteElo "1809"]
[BlackElo "1795"]
[Opening "English opening"]
[ECO "A13"]
[Time "15:06:50"]
[TimeControl "2700+45"]

1. c4 e6 2. Nc3 d5 3. cxd5 exd5 4. d4 c6 5. g3 Bf5 6. Bg2 Nf6 7. Nf3 Bd6 8. O-O
O-O 9. Bg5 Nbd7 10. a3 h6 11. Bf4 Bxf4 12. gxf4 Ne4 13. Rc1 Re8 14. Ne5 Qh4 15.
Nxe4 dxe4 16. e3 Nf6 17. Qb3 Re7 18. Qc2 Nd5 19. Kh1 f6 20. Nc4 Rd8 21. Rcd1 g5
22. Rg1 Kf7 23. fxg5 hxg5 24. Nd2 Rh8 25. Nf1 Kg6 {White resigns} 0-1

[Event "Team 45 45 League T83"]
[Site "Internet Chess Club"]
[Date "2020.02.08"]
[Round "6"]
[White "justice02"]
[Black "julesraider"]
[Result "0-1"]
[WhiteElo "1575"]
[BlackElo "1678"]
[Opening "English: symmetrical, main line with d3"]
[ECO "A05"]
[Time "22:00:17"]
[TimeControl "2700+45"]

1. Nf3 Nf6 2. c4 g6 3. g3 Bg7 4. Bg2 c5 5. d3 Nc6 6. Nc3 O-O 7. O-O d5 8. Ng5 e6
9. Rb1 h6 10. Nf3 dxc4 11. dxc4 Qe7 12. e3 Rd8 13. Qb3 Na5 14. Qa4 b6 15. Ne5
Bb7 16. Bxb7 Qxb7 17. b4 cxb4 18. Rxb4 Nd7 19. Qxa5 Bxe5 20. Nb1 Qf3 21. Qa4 Nc5
22. Qc2 Ne4 23. Rb5 Ng5 24. h4 Nh3+ 25. Kh2 Bxg3+ 26. fxg3 Qxf1 27. Qg2 Qxc1 28.
Kxh3 Qxc4 29. Rb2 Rac8 30. Rf2 e5 31. Nd2 Qe6+ 32. g4 h5 33. Ne4 hxg4+ 34. Kh2
f5 35. Ng5 Qc4 36. h5 Kg7 37. Qb7+ Rc7 38. Qxc7+ Qxc7 39. Ne6+ Kh6 40. Nxc7 Kxh5
41. Kg3 Rd6 42. Ne8 Rd3 43. Rh2+ Kg5 44. Rb2 Rxe3+ 45. Kf2 Rf3+ 46. Kg2 f4 47.
Nd6 Rg3+ 48. Kh2 Rh3+ 49. Kg2 f3+ 50. Kg1 Rg3+ 51. Kf1 Rh3 52. Rb5 Rh1+ 53. Kf2
Rh2+ 54. Kf1 Re2 55. Nf7+ Kf4 56. Rb4+ e4 57. Nh8 g5 58. Rb5 e3 59. Ng6+ Kg3 60.
Rxg5 Rf2+ 61. Ke1 Rxa2 62. Kd1 f2 63. Rf5 e2+ {White resigns} 0-1

[Event "Team 45 45 League T83"]
[Site "Internet Chess Club"]
[Date "2020.02.07"]
[Round "6"]
[White "andrew37"]
[Black "Grenadier"]
[Result "0-1"]
[WhiteElo "1590"]
[BlackElo "1614"]
[Opening "Caro-Kann: Panov-Botvinnik attack, 5...e6"]
[ECO "B14"]
[Time "17:02:00"]
[TimeControl "2700+45"]

1. e4 c6 2. d4 d5 3. exd5 cxd5 4. c4 Nf6 5. Nc3 e6 6. Nf3 Bb4 7. Bd3 dxc4 8.
Bxc4 O-O 9. O-O b6 10. Bg5 Bb7 11. Ne5 Nbd7 12. Nxd7 Qxd7 13. Bxf6 gxf6 14. Ne4
Bxe4 15. a3 Be7 16. Re1 Bg6 17. h4 h5 18. Qe2 f5 19. Rac1 Rac8 20. Rc3 Bxh4 21.
Rh3 Bf6 22. Rg3 Kh7 23. Rh3 Qxd4 24. b3 Rfd8 25. Rxh5+ Bxh5 26. Qxh5+ Kg7 27.
Qh3 Rxc4 28. bxc4 Qxc4 29. Re3 Rd1+ 30. Kh2 Qf4+ 31. Rg3+ Kf8 32. a4 Qxf2 {White
resigns} 0-1

[Event "Team 45 45 League T83"]
[Site "Internet Chess Club"]
[Date "2020.02.09"]
[Round "6"]
[White "GoIrish"]
[Black "Portola"]
[Result "0-1"]
[WhiteElo "1501"]
[BlackElo "1730"]
[Opening "Réti: King's Indian attack (Barcza system)"]
[ECO "A07"]
[Time "15:31:04"]
[TimeControl "2700+45"]

1. Nf3 d5 2. g3 c6 3. Bg2 Bg4 4. O-O Nd7 5. d3 Ngf6 6. Nbd2 e6 7. e4 dxe4 8.
dxe4 e5 9. c3 Be7 10. Qc2 O-O 11. Nc4 Bxf3 12. Bxf3 Qc7 13. Bg5 Rfe8 14. Rad1 b5
15. Ne3 g6 16. Bh6 Rad8 17. h4 Bf8 18. Bxf8 Nxf8 19. Ng4 Nxg4 20. Bxg4 h5 21.
Bh3 Nh7 22. Qe2 Qe7 23. Qe3 Kg7 24. Rfe1 Qc7 25. Qf3 Qe7 26. Qe3 Nf6 27. Qf3 Rh8
28. Rxd8 Qxd8 29. Rd1 Qe7 30. Qd3 Re8 31. f3 Qc5+ 32. Kg2 Re7 33. b4 Qb6 34. Re1
Qc7 35. Rd1 a6 36. Qd6 Qa7 37. Re1 Qc7 38. Qxc7 Rxc7 39. Rd1 c5 40. a3 cxb4 41.
cxb4 Rc3 42. a4 Rb3 43. axb5 axb5 44. Rd6 Rxb4 45. Rb6 Rb2+ 46. Kf1 b4 47. Ke1
b3 48. Rb7 Rh2 49. Bf1 b2 50. Bd3 Rg2 51. Kf1 Rxg3 52. Kf2 Rh3 53. Rxb2 Rh2+
{White resigns} 0-1

[Event "Team 45 45 League T83"]
[Site "Internet Chess Club"]
[Date "2020.02.09"]
[Round "6"]
[White "walkover"]
[Black "cayo89"]
[Result "1-0"]
[WhiteElo "1772"]
[BlackElo "1621"]
[Opening "Nimzo-Indian: Sämisch variation"]
[ECO "E24"]
[Time "12:01:31"]
[TimeControl "2700+45"]

1. d4 Nf6 2. c4 e6 3. Nc3 Bb4 4. a3 Bxc3+ 5. bxc3 b6 6. f3 Nc6 7. e4 d5 8. e5
Ng8 9. Nh3 Nge7 10. Bd3 h6 11. O-O O-O 12. Kh1 dxc4 13. Bxc4 Na5 14. Bd3 Bb7 15.
g4 Bd5 16. g5 h5 17. Nf4 g6 18. Be4 Nc4 19. Qd3 Kg7 20. Rg1 Nf5 21. Bxd5 exd5
22. Nxh5+ gxh5 23. Qxf5 Qe7 24. g6 f6 25. Qxh5 Rh8 26. exf6+ Qxf6 27. Qg4 Rae8
28. Bg5 Qe6 29. Qf4 Nd6 30. Ra2 Qf5 31. Qxf5 Nxf5 32. Bf4 Rh5 33. Be5+ Kg8 34.
Rag2 Ne3 35. Rg5 Rh3 36. R1g3 Rh4 37. f4 Nc4 38. R3g4 Rh3 39. Rg3 Rh4 40. R5g4
Rh5 41. h4 Nd2 42. Kg2 Ne4 43. Rh3 c5 44. Rf3 Rf8 45. Kh3 c4 46. g7 Rf7 47. Rg6
Rb7 48. f5 Rf7 49. Kg4 Rh7 50. h5 b5 51. h6 Rd7 52. f6 Rf7 53. Kf5 a6 54. Ke6
Rxh6 55. Rxh6 {Black resigns} 1-0

[Event "Team 45 45 League T83"]
[Site "Internet Chess Club"]
[Date "2020.02.11"]
[Round "6"]
[White "elmaestro"]
[Black "ivanson"]
[Result "1-0"]
[WhiteElo "1713"]
[BlackElo "1703"]
[Opening "King's Indian: fianchetto, classical variation"]
[ECO "E67"]
[Time "18:08:59"]
[TimeControl "2700+45"]

1. c4 Nf6 2. g3 g6 3. Bg2 Bg7 4. Nc3 O-O 5. Nf3 d6 6. O-O Nbd7 7. d4 e5 8. dxe5
dxe5 9. e4 c6 10. Qc2 Qc7 11. h3 Nc5 12. b4 Ne6 13. Be3 Bd7 14. c5 Rad8 15. Rfd1
Bc8 16. Rxd8 Rxd8 17. Rd1 Rxd1+ 18. Qxd1 Nd7 19. Ng5 Nxg5 20. Bxg5 b6 21. cxb6
axb6 22. Be3 c5 23. Nb5 Qc6 24. Na7 Qb7 25. Nxc8 Qxc8 26. bxc5 Nxc5 27. Qd6 Qa8
28. Qxb6 Ne6 29. Qa7 Qd8 30. a4 Nd4 31. a5 Bf6 32. a6 Be7 33. Qb7 {Black
resigns} 1-0

[Event "Team 45 45 League T83"]
[Site "Internet Chess Club"]
[Date "2020.02.09"]
[Round "6"]
[White "carvajales"]
[Black "Easy-Win"]
[Result "0-1"]
[WhiteElo "1746"]
[BlackElo "1722"]
[Opening "English: Caro-Kann defensive system"]
[ECO "A11"]
[Time "16:01:25"]
[TimeControl "2700+45"]

1. c4 c6 2. g3 d5 3. Bg2 Nf6 4. Nf3 Bf5 5. cxd5 cxd5 6. Qb3 Qb6 7. Qxb6 axb6 8.
d3 h6 9. Be3 Nbd7 10. Bd4 e6 11. O-O Bd6 12. Nc3 Rc8 13. Rfc1 Ke7 14. Nb5 Bc5
15. Rc3 Bb4 16. Rcc1 Rhd8 17. a3 Bc5 18. b4 Bxd4 19. Nfxd4 Bg6 20. Na7 Ra8 21.
Ndb5 Ne8 22. Rc3 Nd6 23. Rac1 Nxb5 24. Nxb5 Nf6 25. Nc7 Rab8 26. Nb5 Ne8 27. h4
Kd7 28. Kf1 Rdc8 29. e4 Rxc3 30. Rxc3 Nd6 31. Nxd6 Kxd6 32. Ke2 d4 33. e5+ Kxe5
34. Rc7 Ra8 35. Rxb7 Rxa3 36. Rxb6 Ra2+ 37. Ke1 Bxd3 38. b5 Re2+ 39. Kd1 Rxf2
40. Bc6 Bc4 41. Rb8 d3 42. b6 Bb3+ 43. Ke1 Re2+ 44. Kf1 d2 45. Rd8 d1=Q+ 46.
Rxd1 Bxd1 47. Bf3 Rb2 48. Bxd1 Rxb6 49. Kf2 Rb1 50. Ba4 Kd4 51. Be8 f6 52. Bg6
Rb2+ 53. Kf3 e5 54. h5 e4+ 55. Bxe4 Rb3+ 56. Kf4 Rb5 57. g4 Re5 58. Bg6 Kc3 59.
Bf5 Kd2 60. Kf3 Rxf5+ 61. gxf5 Kd3 62. Kf4 Kd4 {White resigns} 0-1

[Event "Team 45 45 League T83"]
[Site "Internet Chess Club"]
[Date "2020.02.07"]
[Round "6"]
[White "evan7284"]
[Black "tightfist"]
[Result "1-0"]
[WhiteElo "1649"]
[BlackElo "1447"]
[Opening "Queen's pawn: London system"]
[ECO "A45"]
[Time "10:02:57"]
[TimeControl "2700+45"]

1. d4 Nf6 2. Bf4 e6 3. e3 Be7 4. Nd2 d5 5. Bd3 c5 6. c3 O-O 7. Qf3 Nbd7 8. Qh3
Qb6 9. Rb1 Bd6 10. Bxd6 Qxd6 11. f4 c4 12. Bc2 b5 13. g4 Bb7 14. Ngf3 Ne4 15.
Nxe4 dxe4 16. Ng5 Nf6 17. Qg2 Qc6 18. h4 h6 19. Kf2 Rfd8 20. Nh3 Kf8 21. g5 Ng8
22. gxh6 Nxh6 23. Rhg1 Nf5 24. h5 Qd7 25. h6 gxh6 26. Bxe4 Bxe4 27. Qxe4 Qd5 28.
Qc2 Nh4 29. e4 Qh5 30. Rg3 f5 31. e5 Ke7 32. Rbg1 Rf8 33. b3 Rac8 34. b4 Rf7 35.
Qe2 Qxe2+ 36. Kxe2 Rh8 37. Nf2 Rhh7 38. Rh1 Rfg7 39. Rxg7+ Rxg7 40. Rxh4 Rg6 41.
Kf3 Kf7 42. Nh1 Kg7 43. Ng3 Kh7 44. d5 exd5 45. Nxf5 Re6 46. Ke3 a6 47. Kd4 Rg6
48. Rxh6+ Rxh6 49. Nxh6 Kxh6 50. Kxd5 Kg7 51. Kd6 Kf8 52. e6 Ke8 53. f5 a5 54.
a3 axb4 55. axb4 Kd8 56. f6 Ke8 57. f7+ Kf8 58. Kd7 {Black resigns} 1-0

[Event "Team 45 45 League T83"]
[Site "Internet Chess Club"]
[Date "2020.02.10"]
[Round "6"]
[White "primerpaso"]
[Black "laurenpar"]
[Result "0-1"]
[WhiteElo "1793"]
[BlackElo "1829"]
[Opening "English: Anglo-Dutch defense"]
[ECO "A10"]
[Time "04:23:04"]
[TimeControl "2700+45"]

1. c4 f5 2. Nc3 Nf6 3. g3 d6 4. Bg2 e5 5. Nf3 Be7 6. d4 e4 7. Nd2 c6 8. d5 Nbd7
9. dxc6 bxc6 10. Nb3 Ne5 11. Nd2 O-O 12. b3 d5 13. Bb2 d4 14. Na4 c5 15. f3 Bb7
16. Qb1 Qa5 17. Kd1 exf3 18. exf3 Nfg4 19. fxg4 Bxg2 20. Re1 Nf3 21. Re2 Nxd2
22. Rxd2 Bf3+ 23. Ke1 Bg5 {White resigns} 0-1

[Event "Team 45 45 League T83"]
[Site "Internet Chess Club"]
[Date "2020.02.08"]
[Round "6"]
[White "bobhill"]
[Black "QuieroAprender"]
[Result "0-1"]
[WhiteElo "1814"]
[BlackElo "1646"]
[Opening "Queen's bishop game"]
[ECO "D02"]
[Time "13:08:48"]
[TimeControl "2700+45"]

1. d4 Nf6 2. Nf3 d5 3. Bf4 e6 4. e3 c5 5. c3 c4 6. b3 b5 7. a4 bxa4 8. bxc4 Bd7
9. Ne5 Be7 10. Nxd7 Nbxd7 11. Qxa4 dxc4 12. Bxc4 Nh5 13. Bg3 O-O 14. Bd3 Nc5 15.
Qc2 Nxd3+ 16. Qxd3 a5 17. Qb5 Qd5 18. Qa4 Qxg2 19. Rf1 Nxg3 20. hxg3 Rfc8 21.
Ke2 h6 22. Qd7 Bf8 23. Rc1 Bb4 24. c4 Rd8 25. Qa4 Rxd4 26. Ra2 Rg4 27. Nd2 Rxg3
28. Rd1 Bc5 29. Ke1 Rh3 30. Nf1 Bb4+ 31. Nd2 Rh2 32. Ke2 Qxf2+ 33. Kd3 Rd8+ 34.
Kc2 Rxd2+ 35. Kc1 Rxd1+ 36. Qxd1 Ba3+ 37. Rxa3 Qb2# {White checkmated} 0-1

[Event "Team 45 45 League T83"]
[Site "Internet Chess Club"]
[Date "2020.02.10"]
[Round "6"]
[White "VictorRed"]
[Black "fishhead"]
[Result "0-1"]
[WhiteElo "1578"]
[BlackElo "1829"]
[Opening "King's Indian: fianchetto without c4"]
[ECO "A63"]
[Time "23:01:55"]
[TimeControl "2700+45"]

1. d4 Nf6 2. Nf3 g6 3. g3 Bg7 4. Bg2 d6 5. O-O O-O 6. c4 c5 7. d5 e6 8. Nc3 exd5
9. cxd5 a6 10. Bg5 h6 11. Bd2 b5 12. Ne1 Nbd7 13. Qc1 Kh7 14. e4 Ne5 15. Qc2 Ra7
16. Nd3 Nfg4 17. h3 Nxd3 18. Qxd3 Ne5 19. Qc2 Nc4 20. Rae1 Nxd2 21. Qxd2 b4 22.
Nd1 Bd7 23. f4 Bb5 24. Rf3 Re8 25. Bf1 Bxf1 26. Kxf1 Rae7 27. Rfe3 Bd4 28. R3e2
Qd7 29. Kg2 Kg7 30. Qd3 Qb5 31. Qxb5 axb5 32. Kf3 Ra7 33. e5 Rxa2 34. exd6 Rd8
35. Rc2 Rxd6 36. Ne3 Rxb2 37. Rxb2 Bxb2 38. f5 Bd4 39. fxg6 Kxg6 40. Rd1 Bxe3
41. Kxe3 f5 42. Kf4 Kf6 43. Rd2 b3 44. Ke3 Ke5 {White resigns} 0-1

[Event "Team 45 45 League T83"]
[Site "Internet Chess Club"]
[Date "2020.02.10"]
[Round "6"]
[White "achessman"]
[Black "Knight77"]
[Result "1-0"]
[WhiteElo "1801"]
[BlackElo "1740"]
[Opening "Sicilian defense"]
[ECO "B20"]
[Time "23:17:06"]
[TimeControl "2700+45"]

1. e4 c5 2. b3 d5 3. exd5 Qxd5 4. Nc3 Qd8 5. Bb2 Nf6 6. Bb5+ Nbd7 7. Nf3 e6 8.
O-O Bd6 9. Re1 O-O 10. Ng5 a6 11. Bf1 h6 12. Nge4 Be7 13. a4 b6 14. g3 Bb7 15.
Bg2 Qc7 16. d3 Rfd8 17. Qe2 Bf8 18. Nxf6+ Nxf6 19. Ne4 Nd5 20. Rad1 e5 21. Nd2
f6 22. Be4 Qf7 23. Qf3 g6 24. c4 f5 25. Bxd5 Bxd5 26. cxd5 Rxd5 27. Nc4 Rad8 28.
Nxb6 e4 29. dxe4 Rxd1 30. Rxd1 Rxd1+ 31. Qxd1 fxe4 32. Qd5 Qxd5 33. Nxd5 Bd6 34.
Nf6+ Kf7 35. Nxe4 Be7 36. Kf1 Ke6 37. Ke2 Kd5 38. Kd3 {Black resigns} 1-0

[Event "Team 45 45 League T83"]
[Site "Internet Chess Club"]
[Date "2020.02.08"]
[Round "6"]
[White "Ajolote"]
[Black "ErnestoRondon"]
[Result "1/2-1/2"]
[WhiteElo "1985"]
[BlackElo "1863"]
[Opening "Sicilian: closed, 6.Be3"]
[ECO "B26"]
[Time "21:20:14"]
[TimeControl "2700+45"]

1. e4 c5 2. Nc3 Nc6 3. g3 g6 4. Bg2 Bg7 5. d3 d6 6. Be3 Nf6 7. h3 O-O 8. Nge2 e5
9. Qd2 Nd4 10. Bg5 a6 11. Nd5 Be6 12. c3 Nxe2 13. Qxe2 Bxd5 14. exd5 h6 15. Be3
b5 16. O-O Rc8 17. Qd2 Kh7 18. f4 Nh5 19. fxe5 Nxg3 20. Rf3 Nf5 21. exd6 Nxd6
22. Qf2 c4 23. Bb6 Qg5 24. Rg3 Qh4 25. Re1 cxd3 26. Rxd3 Qxf2+ 27. Bxf2 Nc4 28.
Re2 Rcd8 29. b3 Nd6 30. Bb6 Rd7 31. Rc2 Rc8 32. Ba5 f5 33. Bb4 f4 34. Kf2 Nf5
35. Be4 Ne3 36. Rc1 Be5 37. Rg1 Rg8 38. h4 h5 39. Rg5 Kh6 40. Bf8+ Rxf8 41.
Rxg6+ Kh7 42. Rd6+ Kh8 43. Rxd7 Ng4+ 44. Ke2 Nf6 45. Re7 Bd6 46. Re6 Bc5 47. d6
Kg7 48. d7 Rd8 49. Bc6 Kf7 50. Re8 Bb6 51. Rxd8 Bxd8 52. Kf3 Ng4 53. Kxf4 Kf6
54. Bf3 Bc7+ 55. Ke4 Nf2+ 56. Ke3 Nxd3 57. Kxd3 Ke6 {Game drawn by mutual
agreement} 1/2-1/2

[Event "Team 45 45 League T83"]
[Site "Internet Chess Club"]
[Date "2020.02.09"]
[Round "6"]
[White "ANGELLR"]
[Black "MarcB"]
[Result "1/2-1/2"]
[WhiteElo "1787"]
[BlackElo "1835"]
[Opening "Queen's pawn, Mason variation"]
[ECO "D00"]
[Time "20:00:52"]
[TimeControl "2700+45"]

1. d4 d5 2. Bf4 c6 3. e3 Nf6 4. Nd2 Nbd7 5. Ngf3 e6 6. Bd3 Be7 7. h3 O-O 8. O-O
c5 9. c3 b6 10. Qe2 Bb7 11. Rfe1 Ne4 12. Rad1 c4 13. Bb1 b5 14. a3 Nb6 15. Nxe4
dxe4 16. Nd2 f5 17. f3 Na4 18. Nf1 exf3 19. gxf3 a5 20. Nh2 Bd6 21. Rd2 Bxf4 22.
exf4 Bd5 23. Qf2 Rf6 24. Kh1 Qd6 25. Re5 b4 26. axb4 axb4 27. cxb4 Qxb4 28. Re1
Rg6 29. Nf1 Rb8 30. Kh2 Nxb2 31. Bc2 c3 32. Rde2 Qd6 33. Re5 Nc4 34. Ng3 Nxe5
35. Rxe5 Rf6 36. Nh5 Rff8 37. Qg3 Qd7 38. Qg5 Rb2 39. Re2 Bxf3 40. Rf2 Bxh5 41.
Qxh5 Qxd4 42. Qh4 e5 43. Qg3 e4 44. Rg2 Kh8 45. Qg5 Qf6 46. Qg3 g6 47. h4 Rd8
48. Kh3 Rd2 49. Rxd2 cxd2 50. Bd1 Rb1 51. Qg1 Qc3+ 52. Kh2 e3 53. Qf1 Qd4 54.
Kg3 Qc3 55. Kh2 Qc1 56. Qd3 Kg7 57. Qd7+ Kh6 58. Qe7 Qc3 59. Qg5+ Kg7 60. Qe7+
Kg8 61. Qe8+ Kg7 62. Qe7+ Kh6 63. Qg5+ Kg7 64. Qe7+ Kg8 65. Qe8+ Kg7 66. Qe7+
Kh6 67. Qg5+ Kg7 68. Qe7+ Kh6 69. Qg5+ Kg7 70. Qe7+ Kh6 71. Qg5+ Kg7 72. Qe7+
{Game drawn by repetition} 1/2-1/2

[Event "Team 45 45 League T83"]
[Site "Internet Chess Club"]
[Date "2020.02.05"]
[Round "6"]
[White "cayo89"]
[Black "Portola"]
[Result "1-0"]
[WhiteElo "1631"]
[BlackElo "1705"]
[Opening "French: Schlechter variation"]
[ECO "C01"]
[Time "19:00:24"]
[TimeControl "2700+45"]

1. e4 e6 2. d4 d5 3. Bd3 dxe4 4. Bxe4 Nf6 5. Bf3 Be7 6. Ne2 O-O 7. O-O c6 8. c4
Qc7 9. Bf4 Bd6 10. Bxd6 Qxd6 11. Nbc3 Nbd7 12. Qc2 Re8 13. Rad1 Qe7 14. Rfe1 Qf8
15. Ng3 Nb6 16. b3 Bd7 17. h4 Rad8 18. h5 h6 19. a4 Bc8 20. Nge4 Nxe4 21. Nxe4
Na8 22. c5 Nc7 23. Nd6 Re7 24. b4 Ne8 25. Nc4 Red7 26. Qb2 Nc7 27. Ne5 Re7 28.
Bxc6 Nd5 29. Bb5 a6 30. Be2 Rc7 31. g3 Qe7 32. b5 Qg5 33. Qc1 Qf6 34. b6 Nxb6
35. a5 Nd5 36. Rd3 Qe7 37. Rb3 Bd7 38. Qb2 Bc6 39. Nxc6 bxc6 40. Bxa6 Qg5 41.
Rb8 Rd7 42. Rxd8+ Rxd8 43. Bb7 Qxh5 44. Bxc6 Nf6 45. Kg2 Ng4 46. Rh1 Qg5 47. Qc1
Qg6 48. a6 e5 49. d5 Qe4+ 50. Kg1 Qd4 51. Qc2 e4 52. Rh4 Qa1+ 53. Kg2 Ne5 54.
Bb7 Nd3 55. Rxe4 Ne1+ 56. Rxe1 Qxe1 57. c6 Rxd5 58. c7 {Black resigns} 1-0

[Event "Team 45 45 League T83"]
[Site "Internet Chess Club"]
[Date "2020.02.10"]
[Round "6"]
[White "RD1974"]
[Black "Constrictor"]
[Result "0-1"]
[WhiteElo "1562"]
[BlackElo "1564"]
[Opening "Alekhine's defense: exchange variation"]
[ECO "B02"]
[Time "18:02:14"]
[TimeControl "2700+45"]

1. e4 Nf6 2. e5 Nd5 3. c4 Nb6 4. d4 d6 5. exd6 cxd6 6. Nc3 g6 7. Be3 Bg7 8. Rc1
O-O 9. Be2 Nc6 10. h3 Bf5 11. Nf3 d5 12. b3 Qd7 13. c5 Nc8 14. a3 Rd8 15. Bd3
Bxd3 16. Qxd3 e5 17. Qd2 e4 18. Nh2 N8e7 19. O-O Nf5 20. Ne2 Nxe3 21. fxe3 Ne7
22. Ng3 h5 23. Qf2 Rf8 24. Qf4 Rac8 25. b4 Rc6 26. Rfe1 Rf6 27. Qh4 Ra6 28. Ra1
Ra4 29. Nhf1 Nc6 30. Red1 Ne7 31. Nd2 Ra6 32. Nb1 Bh6 33. Nf1 Nf5 34. Qf2 Qd8
35. Nc3 Rf6 36. Qe2 Ne7 37. b5 Re6 38. Re1 f5 39. Nd1 f4 40. exf4 Bxf4 41. g3
Bb8 42. Qg2 Nf5 43. Re3 Nxd4 44. Ra2 Ref6 45. Rf2 Nf3+ 46. Kh1 R8f7 47. Ree2 Be5
48. Nde3 Bd4 49. Rc2 Ne1 50. Rxf6 Nxg2 51. Rxf7 Nxe3 52. Rcf2 Nxf1 53. Rxf1 e3
54. Rxb7 Qc8 55. c6 Qxh3+ 56. Kg1 e2+ {White resigns} 0-1

[Event "Team 45 45 League T83"]
[Site "Internet Chess Club"]
[Date "2020.02.08"]
[Round "6"]
[White "Gilguli"]
[Black "Kingfisher75"]
[Result "0-1"]
[WhiteElo "1316"]
[BlackElo "1508"]
[Opening "Vienna gambit"]
[ECO "C29"]
[Time "15:30:35"]
[TimeControl "2700+45"]

1. e4 e5 2. Nc3 Nf6 3. f4 d5 4. exd5 Nxd5 5. Nxd5 Qxd5 6. Qe2 Nc6 7. fxe5 Nd4 8.
c4 Qc5 9. Qd3 Bf5 10. b4 Qxe5+ {White resigns} 0-1

[Event "Team 45 45 League T83"]
[Site "Internet Chess Club"]
[Date "2020.02.05"]
[Round "6"]
[White "BrerRabbit"]
[Black "CMAlge"]
[Result "1-0"]
[WhiteElo "1366"]
[BlackElo "1270"]
[Opening "Queen's pawn game, Darooha variation "]
[ECO "D02"]
[Time "19:02:11"]
[TimeControl "2700+45"]

1. Nf3 d5 2. d4 Nf6 3. c4 e6 4. g3 a6 5. a4 Nc6 6. Bg2 dxc4 7. O-O Be7 8. e3 O-O
9. Bd2 b6 10. Ne5 Nxe5 11. Bxa8 Nd3 12. Bc3 Bd7 13. Bg2 c5 14. Nd2 Nd5 15. Nxc4
Nxc3 16. bxc3 {Black resigns} 1-0

[Event "Team 45 45 League T83"]
[Site "Internet Chess Club"]
[Date "2020.02.09"]
[Round "6"]
[White "Demachaeron"]
[Black "Insan996"]
[Result "1/2-1/2"]
[WhiteElo "1773"]
[BlackElo "1646"]
[Opening "Caro-Kann defense"]
[ECO "B10"]
[Time "20:49:02"]
[TimeControl "2700+45"]

1. e4 c6 2. Nf3 d5 3. exd5 cxd5 4. d4 Nf6 5. Nc3 Bg4 6. Be2 e6 7. O-O Be7 8. Ne5
Bxe2 9. Nxe2 O-O 10. c3 Nbd7 11. Nd3 b5 12. Re1 a5 13. a3 Qb6 14. b3 Rfc8 15.
Bb2 Ne4 16. f3 Nxc3 17. Nxc3 Qxd4+ 18. Nf2 Qb6 19. Nxd5 Qd6 20. Nxe7+ Qxe7 21.
h3 h6 22. Rc1 Nf6 23. Qe2 Rd8 24. Rc6 Nh5 25. Rec1 Qg5 26. Qe5 Qg6 27. Qe4 Qg3
28. Qg4 Qxg4 29. Nxg4 Nf4 30. R1c2 Rd1+ 31. Kh2 Rd3 32. R6c3 Rad8 33. Ne3 b4 34.
axb4 axb4 35. Rc4 Rxe3 36. Rxf4 Rxb3 37. Bc1 Rb1 38. Bb2 b3 39. Re2 Rc8 40. Ba3
Ra1 41. Bb2 Ra2 42. Rfe4 Rc2 43. Rxc2 bxc2 44. Bc1 Ra1 45. Re1 Kf8 46. Kg1 Ke7
47. Kf2 Kd6 48. Ke2 Kd5 49. Kd3 h5 50. Kc3 f6 51. Kb2 Ra4 52. Kxc2 Ra2+ 53. Bb2
e5 54. Rd1+ Ke6 55. Rd8 Kf5 56. g3 g5 57. Rb8 Ra4 58. Kd2 g4 59. fxg4+ hxg4 60.
h4 Ra6 61. Ke3 Ra4 62. Rb6 Re4+ 63. Kf2 Rc4 64. Kf1 Rc2 65. Ba3 Rc3 66. Be7 Rxg3
67. Rxf6+ Ke4 68. h5 Rh3 69. h6 Kd5 70. Rd6+ Ke4 71. Kg2 Kf5 72. Bf8 e4 73. Bg7
e3 74. Rf6+ Ke4 75. Re6+ Kd3 76. Rd6+ Ke4 77. Re6+ Kf5 78. Re5+ Kf4 79. Re6 Rg3+
80. Kf1 Rf3+ 81. Ke1 Rh3 82. Bf8 g3 83. Bd6+ Kf5 84. Re5+ Kg6 85. Re6+ Kf5 86.
Re5+ Kf6 87. Rxe3 Rh1+ 88. Ke2 g2 89. Rf3+ Ke6 90. Bc5 Rxh6 91. Rg3 {Game drawn
by mutual agreement} 1/2-1/2